 Dungeon Crawl Stone Soup version 0.28-a0-422-gd71735cc25 (webtiles) character file.

Game seed: 7987121449079905072

1243 robertstho the Magician (level 8, -1/55 HPs)
             Began as a Djinni Fire Elementalist on Sept 8, 2021.
             Slain by an iguana (13 damage)
             ... on level 6 of the Dungeon.
             The game lasted 00:07:26 (7517 turns).

robertstho the Magician (Djinni Fire Elementalist)  Turns: 7517, Time: 00:07:27

Health: -1/55      AC:  2    Str:  7    XL:     8   Next: 79%
Gold:   212        EV: 13    Int: 19    God:
                   SH:  0    Dex: 14

rFire   + + .      SeeInvis .   o - +2 rapier (drain)
rCold   x . .      Faith    .   (no shield)
rNeg    + . .      Spirit   .   a - +0 robe
rPois   ∞          Reflect  .   (no helmet)
rElec   .          Harm     .   (no cloak)
rCorr   +          Rampage  .   (no gloves)
Will    .....                   (boots unavailable)
Stlth   ++........              (no amulet)
HPRegen 0.18/turn               l - ring of resist corrosion
MPRegen 0.00/turn               m - ring of positive energy

@: about to teleport, flying
A: sickness immunity, fire resistance 2, cold vulnerability 1, float, innate
caster, hp casting, extra vitality 1
a: no special abilities


You were on level 6 of the Dungeon.
You visited 1 branch of the dungeon, and saw 6 of its levels.

You collected 212 gold pieces.

Inventory:

Hand Weapons
 g - a +0 short sword
 o - a +2 rapier of draining (weapon)
 q - a +1 dagger of venom
Armour
 a - a +0 robe (worn)
Jewellery
 l - a ring of resist corrosion (left hand)
 m - a ring of positive energy (right hand)
Wands
 n - a wand of flame (23)
Scrolls
 e - a scroll of enchant weapon
 f - a scroll of identify
 i - a scroll of teleportation
 p - a scroll of noise {unknown}
Potions
 b - a potion of curing
 c - 3 potions of haste {unknown}
 d - 2 potions of ambrosia {unknown}
 h - 2 potions of lignification {unknown}
 j - a potion of heal wounds {unknown}
 k - a potion of brilliance {unknown}
 r - a potion of attraction {unknown}


   Skills:
 * Level 2.8 Fighting
 + Level 0.2 Short Blades
 + Level 3.0 Dodging
 + Level 2.4 Stealth
 * Level 7.3 Spellcasting


You had 2 spell levels left.
You knew the following spells:

 Your Spells              Type           Power      Damage    Failure   Level
a - Foxfire               Conj/Fire      100%       2x1d9     1%          1
b - Scorch                Fire           68%        2d8       1%          2
c - Conjure Flame         Conj/Fire      34%        6-21      1%          3
d - Inner Flame           Hex/Fire       34%        N/A       1%          3
e - Flame Wave            Conj/Fire      34%        3d7       4%          4
f - Beastly Appendage     Tmut           68%        N/A       1%          1
g - Passwall              Tmut/Erth      28%        N/A       1%          2
h - Teleport Other        Tloc           34%        N/A       1%          3
Your spell library was empty.

Dungeon Overview and Level Annotations

Branches:
Dungeon (6/15)
 Temple: D:4-7

Altars:
Ashenzari
Cheibriados
Fedhas
Hepliaklqana
Kikubaaqudgha
Sif Muna
Uskayaw
Wu Jian
Zin


Innate Abilities, Weirdness & Mutations

You are immune to sickness and miasma.
You are immune to poison.
Your flesh is very heat resistant. (rF++)
You are vulnerable to cold. (rC-)
You float through the air rather than walking.
You learn spells naturally, not from books.
Your magical power is your life essence.
You have superior vitality. (+4 HP)


Message History

Casting: Scorch (safe; 1% risk of failure)
Confirm with . or Enter, or press ? or * to list all spells.
Flames lash the howler monkey zombie.
The howler monkey zombie is burned terribly!
The howler monkey zombie is almost destroyed.
The bullfrog zombie closely misses you. The bullfrog zombie barely misses you.
Unknown command.
Casting: Scorch (safe; 1% risk of failure)
Confirm with . or Enter, or press ? or * to list all spells.
Flames lash the bullfrog zombie.
The bullfrog zombie is heavily damaged.
The bullfrog zombie's fire resistance burns away.
An iguana comes into view.
The bullfrog zombie completely misses you.
Casting: Scorch (safe; 1% risk of failure)
Confirm with . or Enter, or press ? or * to list all spells.
Flames lash the orc.
You kill the orc!
The bullfrog zombie hits you but does no damage.
Unknown command.
Casting: Scorch (safe; 1% risk of failure)
Confirm with . or Enter, or press ? or * to list all spells.
Flames lash the howler monkey zombie.
The howler monkey zombie is burned terribly!
You destroy the howler monkey zombie!
The bullfrog zombie hits you.
* * * LOW HITPOINT WARNING * * *
The bullfrog zombie barely misses you.
Casting: Scorch (safe; 1% risk of failure)
Confirm with . or Enter, or press ? or * to list all spells.
Okay, then.
As you read the scroll labelled SUCOOX FYTWAOLYL, it crumbles to dust.
It is a scroll of enchant weapon.
Your +1 rapier of draining glows red for a moment.
As you read the scroll labelled MOGIHUI WIKK, it crumbles to dust.
It is a scroll of identify.
i - 2 scrolls of teleportation
As you read the scroll of teleportation, it crumbles to dust.
You feel strangely unstable. The iguana bites you!
You die...

#.# #... ⌠.# #.#
... ... ####.#
###.#####.###
#....#######
.....#8...8#
...........#
#Z.#.....#.
#.########.#
#.....8.... #.#
#.# #..#.....#.
#(#
#.#######Z.#8...8#
#.#
#.##...@lZ.###.###
#.#
##.##.#####.......
#.# #......#
#[.#..#.# #.#
#.........#
#.........
#.#.......#
##.#######
#.##.##.#.# .#
#### # #.##.#.# .#
...## #.##.#.#
....## #.##..)#


You could see an iguana, a bullfrog zombie (inflammable) and a centaur skeleton.

Vanquished Creatures
  An ice beast (D:5)
  A black bear (D:5)
  A necrophage (D:5)
  An ogre (D:5)
  A centaur (D:5)
  A kobold brigand (D:6)
  2 bullfrogs (D:6)
  A scorpion (D:5)
  A water moccasin skeleton (D:5)
  A centaur zombie (D:5)
  A hound (D:5)
  A centaur skeleton (D:3)
  3 iguanas
  4 orc wizards (D:5)
  A scorpion zombie (D:5)
  A hound skeleton (D:4)
  A howler monkey zombie (D:6)
  4 gnolls (D:4)
  8 adders
  An adder skeleton (D:4)
  6 worms
  2 dart slugs
  9 orcs
  5 bats
  7 endoplasms
  3 goblins
  5 hobgoblins
  5 jackals (D:3)
  A quokka (D:2)
  11 ball pythons
  3 frilled lizards (D:1)
  11 kobolds
  3 rats
107 creatures vanquished.

Vanquished Creatures (others)
  387 foxfires
387 creatures vanquished.

Grand Total: 494 creatures vanquished

Notes
Turn   | Place    | Note
-------+----------+-------------------------------------------
     0 | D:1      | robertstho the Djinni Fire Elementalist began the quest for
                  | the Orb.
     0 | D:1      | Reached XP level 1. HP: 15/15 MP: 0/0
   177 | D:1      | Reached XP level 2. HP: 19/21 MP: 0/0
   790 | D:1      | Reached skill level 3 in Spellcasting
  1266 | D:1      | Found a faded altar of an unknown god.
  1296 | D:2      | Reached XP level 3. HP: 23/25 MP: 0/0
  1296 | D:2      | Learned a level 1 spell: Beastly Appendage
  1408 | D:2      | Found a hazy altar of Hepliaklqana.
  2025 | D:2      | Reached XP level 4. HP: 26/31 MP: 0/0
  2647 | D:3      | Found a hide-covered altar of Uskayaw.
  3260 | D:3      | Reached XP level 5. HP: 31/36 MP: 0/0
  3260 | D:3      | Learned a level 2 spell: Passwall
  3315 | D:3      | Reached skill level 4 in Spellcasting
  4552 | D:4      | Found a snail-covered altar of Cheibriados.
  4635 | D:4      | Found a broken altar of Ashenzari.
  4635 | D:4      | Found an ornate altar of the Wu Jian Council.
  4635 | D:4      | Found a blossoming altar of Fedhas.
  4771 | D:4      | Reached skill level 1 in Fighting
  4771 | D:4      | Reached XP level 6. HP: 10/42 MP: 0/0
  4771 | D:4      | HP: 2/42 [gnoll (6)]
  5413 | D:5      | Entered Level 5 of the Dungeon
  5688 | D:5      | Reached skill level 5 in Spellcasting
  5688 | D:5      | Reached XP level 7. HP: 20/47 MP: 0/0
  5688 | D:5      | Learned a level 3 spell: Teleport Other
  6039 | D:5      | Reached skill level 6 in Spellcasting
  6039 | D:5      | Reached XP level 8. HP: 7/54 MP: 0/0
  6449 | D:5      | Found a hazy altar of Hepliaklqana.
  7077 | D:6      | Found a glowing silver altar of Zin.
  7110 | D:6      | Reached skill level 7 in Spellcasting
  7517 | D:6      | Slain by an iguana

Illustrated notes

Levels and vault maps discovered:
D:1:      wheals_arrival_shading, layout_basic,
          shapermc_ecumenical_altar_mp_vishouse, minmay_misc_feat_encased
D:2:      layout_loops_ring, basic_altar, grunt_ministairs_1,
          amcnicky_mini_rare_corridor_liquid
D:3:      layout_basic, nicolae_uskayaw_dance_hall,
          nicolae_overflow_crystal_walls
D:4:      layout_cave_pods, slow_altar_2, gammafunk_temple_overflow_claw
D:5:      layout_loops_ring, nicolae_overflow_hidden_temple, lemuel_tele_altar,
          minivault_23
D:6:      layout_loops_ring, makhleb_grotto_becter, lemuel_round_altar,
          temple_statues, minmay_chambers_of_fives

Skill      XL: |  1  2  3  4  5  6  7  8 |
---------------+-------------------------+-----
Spellcasting   | 3 4 5 6 7 |  7.3
Stealth        | 2 |  2.4
Fighting       | 1 2 |  2.8
Dodging        | 3 |  3.0
Short Blades   | |  0.2

Action                   |  1- 3 |  4- 6 |  7- 9 || total
-------------------------+-------+-------+-------++-------
Melee: Rapier            |       |       |     9 ||     9
 Cast: Foxfire           |    85 |   145 |     4 ||   234
       Scorch            |       |     8 |    64 ||    72
       Flame Wave        |       |       |     3 ||     3
  Use: Potion            |       |     2 |     2 ||     4
       Scroll            |       |       |     3 ||     3
Armor: Robe              |     1 |    10 |     7 ||    18
Dodge: Dodged            |     4 |    23 |    35 ||    62

Table legend: (Time is in decaauts)
 A = Elapsed time spent in this place.
 B = Non-inter-level travel time spent in this place.
 C = Inter-level travel time spent in this place.
 D = Time resting spent in this place.
 E = Time spent auto-exploring this place.
 F = Levels seen in this place.
 G = Mean time per level.
                   A        B        C        D        E       F      G
               +--------+--------+--------+--------+--------+-----+--------+
         Total |   7515 |   7366 |    149 |    253 |   6446 |   6 | 1252.5 |
       Dungeon |   7515 |   7366 |    149 |    253 |   6446 |   6 | 1252.5 |
               +--------+--------+--------+--------+--------+-----+--------+

Top non-repeatable levels by time:
     D:3: 1583 daAuts
     D:5: 1503 daAuts
     D:2: 1299 daAuts
     D:1: 1289 daAuts
     D:4: 1239 daAuts
     D:6: 600 daAuts
